Map: Cosmic Sapphire

Players

Luolis

  • Race: Terran Terran
  • League: Grandmaster
  • Spawn Location: 5:00

IlIlIlIlIlIl - Winner!

  • Race: Zerg Zerg
  • League: Master
  • Spawn Location: 11:00

VOD

Have the link to the VOD?

Description

Time

  • Played on: Nov. 5, 2022, 6:39 a.m.
  • Length: 17:42
Show
View Real Time Build Order
Export as new Build Order

Luolis Terran 

Build Orders: Hellion Banshee 

Get SALT Encoding   

  12  0:01  SCV  
  13  0:13  SCV  
  14  0:17  Supply Depot  
  14  0:25  SCV  
  15  0:39  SCV  
  15  0:40  Barracks  
  16  0:51  SCV, Supply Depot  
  17  0:57  Refinery  
  17  1:03  SCV  
  18  1:15  SCV  
  19  1:26  Marine  
  19  1:27  Orbital Command  
  20  1:44  Marine  
  21  1:52  Command Center  
  21  1:56  SCV  
  22  2:03  Barracks Reactor  
  22  2:08  SCV  
  23  2:18  Factory  
  23  2:20  Bunker, SCV  
  24  2:27  Refinery  
  24  2:32  SCV  
  25  2:40  Marine x2  
  27  2:44  SCV  
  28  2:57  SCV  
  29  3:02  Starport  
  29  3:06  Orbital Command, Barracks Reactor  
  29  3:08  Hellion  
  29  3:09  SCV  
  32  3:13  Hellion  
  34  3:25  Supply Depot  
  34  3:28  SCV  
  34  3:30  Hellion  
  34  3:32  SCV  
  38  3:36  Hellion  
  38  3:40  SCV  
  41  3:42  Medivac  
  41  3:44  SCV  
  44  3:48  Marine x2  
  44  3:52  SCV  
  44  3:53  Supply Depot  
  47  3:59  Hellion x2  
  51  4:03  SCV  
  51  4:04  SCV  
  51  4:09  Supply Depot  
  53  4:11  Marine  
  53  4:14  Marine  
  55  4:17  SCV  
  55  4:22  SCV  
  57  4:24  Supply Depot  
  57  4:29  SCV  
  57  4:31  Marine  
  59  4:32  Marine  
  59  4:34  SCV  
  59  4:35  Starport Tech Lab  
  61  4:40  Barracks  
  61  4:41  SCV  
  61  4:43  Factory Tech Lab, Barracks  
  60  4:46  SCV  
  60  4:49  Marine  
  60  4:50  Marine  
  60  4:52  Refinery  
  63  4:53  SCV  
  63  4:54  Refinery  
  63  4:57  Cloaking Field, Banshee  
  67  5:03  SCV  
  67  5:05  Siege Tank  
  67  5:06  Marine  
  72  5:07  Marine  
  73  5:20  SCV  
  74  5:24  Marine  
  74  5:25  Marine  
  74  5:26  SCV  
  77  5:30  Supply Depot, Barracks x2  
  77  5:32  SCV  
  76  5:38  SCV  
  67  5:44  Banshee, SCV, Barracks Tech Lab x2  
  67  5:45  Siege Tank  
  67  5:49  Supply Depot  
  72  5:50  SCV  
  72  5:56  SCV, Marine  
  72  5:57  Marine  
  75  6:00  Supply Depot  
  75  6:01  Combat Shield  
  75  6:02  Stimpack  
  75  6:03  Marine x2  
  78  6:12  SCV x2  
  78  6:15  Supply Depot, Marine x2  
  78  6:18  Barracks Reactor  
  82  6:21  Marauder  
  84  6:34  Marauder  
  84  6:35  Siege Tank  
  89  6:42  Marine x2  
  89  6:43  Marauder x2  
  95  6:53  Medivac x2  
  99  6:54  Marine  
  99  6:55  SCV x2  
  99  7:00  Marine x2  
  101  7:03  Marine  
  101  7:04  Marauder x2, Supply Depot, Marine  
  101  7:07  Concussive Shells, Siege Tank  
  110  7:25  Medivac  
  110  7:26  Marauder x3  
  118  7:33  Marine  
  118  7:35  Marine  
  118  7:36  Marine x2  
  118  7:40  Supply Depot  
  118  7:41  Supply Depot  
  118  7:44  Command Center  
  118  7:50  Medivac, Marauder, Marine, Siege Tank  
  118  7:51  Supply Depot x2  
  126  7:55  Medivac  
  128  8:05  Engineering Bay  
  128  8:18  Marauder x2, Marine x2  
  128  8:19  Marauder  
  136  8:25  Supply Depot  
  136  8:26  Supply Depot x2  
  136  8:32  Medivac x2  
  137  8:35  Marine x2  
  137  8:36  Siege Tank  
  137  8:37  Marine x2  
  137  8:39  Terran Infantry Weapons Level 1  
  144  8:43  Supply Depot  
  144  8:44  Supply Depot  
  144  8:45  SCV x2  
  144  8:48  Marauder  
  148  9:07  Marauder, Marine  
  148  9:08  Marauder  
  138  9:12  Marine x2  
  138  9:13  Marine x2  
  136  9:25  Marine  
  136  9:29  Marauder x2  
  136  9:30  Marine x2  
  136  9:31  Marauder, SCV x2  
  146  9:43  SCV  
  126  9:50  Marauder, Marine x4  
  126  9:51  Siege Tank  
  135  9:53  Medivac  
  125  10:14  Marine x3  
  119  10:19  Medivac  
  121  10:23  Siege Tank  
  121  10:25  Engineering Bay, Armory  
  124  10:30  Orbital Command  
  124  10:31  SCV x2  
  124  10:33  Terran Infantry Armor Level 1  
  124  10:34  Medivac  
  128  10:40  Marine x3  
  128  10:41  Marauder, Marine  
  121  10:56  Marauder  
  121  10:57  Marauder  
  121  10:58  Marine, Siege Tank  
  125  11:10  SCV  
  126  11:15  Marine  
  126  11:16  Marauder, Marine x2  
  126  11:17  Marauder  
  114  11:35  Marauder, Marine x3  
  114  11:36  Siege Tank  
  114  11:37  Marauder  
  124  11:40  Liberator x2  
  124  11:42  Barracks  
  124  11:45  Terran Infantry Weapons Level 2  
  126  11:51  Refinery  
  126  11:52  Refinery  
  126  11:58  Marauder x2, Marine x3  
  126  12:00  Marine  
  126  12:01  Marine  
  135  12:04  Command Center  
  138  12:08  Siege Tank  
  138  12:11  SCV  
  138  12:12  SCV  
  140  12:16  Marine x3  
  140  12:19  Marauder, SCV  
  140  12:20  Marauder  
  148  12:22  Terran Vehicle Weapons Level 1  
  148  12:23  Liberator x2  
  154  12:30  Barracks Tech Lab  
  154  12:31  SCV  
  154  12:32  Supply Depot  
  154  12:33  Barracks, SCV  
  154  12:36  Marauder, Marine  
  159  12:41  Marine  
  159  12:42  Marine x2  
  159  12:43  Marauder x2  
  166  12:51  Marauder  
  168  12:53  Marine  
  168  12:57  Marauder  
  171  12:59  Marine, Siege Tank  
  171  13:03  Marine  
  171  13:04  Marauder  
  178  13:06  Liberator x2, Terran Infantry Armor Level 2  
  184  13:24  Marine  
  184  13:25  Marauder x2, Barracks Tech Lab  
  184  13:26  Marine x4  
  193  13:29  Orbital Command, Ghost Academy  
  190  13:46  Marine  
  172  14:03  Ghost x4  
  172  14:04  Ghost, Marine x3  
  172  14:05  Marine  
  172  14:07  Liberator  
  172  14:08  Liberator  
  192  14:10  SCV x3  
  195  14:20  Terran Infantry Weapons Level 3  
  195  14:22  Marine x3  
  198  14:31  Refinery  
  198  14:32  SCV x2, Refinery  
  200  14:57  SCV x2  
  200  14:58  SCV  
  194  15:03  Command Center, Sensor Tower  
  190  15:24  Ghost x4  
  195  15:40  Ghost  
  195  15:41  Liberator x2  
  193  15:56  Ghost  
  193  15:57  Ghost  
  193  15:59  SCV  
  193  16:00  SCV  
  197  16:15  Enhanced Shockwaves  
  197  16:19  SCV x2  
  197  16:22  Refinery  
  147  16:50  Marine x2  
  147  16:53  Marauder x2  
  138  17:06  Marauder  
  138  17:07  Marauder x2, SCV  
  138  17:08  SCV  
Show
View Real Time Build Order
Export as new Build Order

IlIlIlIlIlIl Zerg - Winner!

Build Orders: Hatch First, Lurkers 

Get SALT Encoding   

  12  0:00  Drone  
  13  0:12  Overlord  
  13  0:19  Drone  
  14  0:31  Drone x2  
  16  0:50  Hatchery  
  16  0:53  Drone  
  17  0:57  Drone  
  17  0:59  Drone  
  18  1:11  Extractor  
  17  1:14  Spawning Pool  
  17  1:17  Drone  
  17  1:20  Drone  
  18  1:31  Drone  
  19  1:38  Drone  
  20  1:49  Overlord  
  20  2:01  Queen x2  
  20  2:03  Drone x2  
  26  2:11  Drone  
  26  2:12  Metabolic Boost  
  26  2:13  Drone  
  28  2:21  Drone  
  29  2:26  Drone  
  30  2:34  Hatchery  
  30  2:36  Drone  
  30  2:37  Drone  
  31  2:47  Drone  
  31  2:48  Queen  
  31  2:51  Overlord  
  34  2:53  Drone  
  34  2:55  Drone  
  36  3:07  Overlord  
  36  3:12  Drone x4  
  40  3:17  Zergling x2  
  40  3:19  Zergling x2  
  42  3:21  Queen  
  42  3:25  Queen  
  46  3:28  Drone  
  46  3:31  Drone  
  48  3:43  Drone x2  
  48  3:46  Drone  
  51  3:50  Evolution Chamber, Queen  
  51  3:52  Drone  
  51  3:53  Drone x4  
  56  3:57  Zergling x2  
  57  4:04  Overlord  
  57  4:09  Baneling Nest  
  56  4:15  Drone  
  57  4:22  Drone  
  57  4:23  Drone x5  
  63  4:28  Drone  
  63  4:30  Extractor  
  63  4:31  Zerg Melee Weapons Level 1  
  63  4:32  Drone  
  63  4:35  Zergling x2  
  65  4:53  Drone  
  65  4:54  Overlord x2  
  65  4:55  Overlord  
  65  4:56  Lair  
  66  5:06  Hatchery  
  66  5:07  Evolution Chamber  
  64  5:12  Queen  
  63  5:17  Drone x2  
  63  5:20  Drone x9  
  64  5:40  Drone x9  
  69  5:44  Drone  
  69  5:48  Extractor  
  67  5:53  Extractor  
  67  5:56  Drone  
  67  5:59  Extractor  
  67  6:00  Extractor  
  67  6:01  Centrifugal Hooks  
  67  6:04  Drone x3, Hatchery  
  67  6:05  Drone x2  
  69  6:15  Zergling x12  
  75  6:25  Spore Crawler x2, Overseer  
  73  6:28  Spore Crawler  
  73  6:31  Drone x2  
  70  6:38  Drone x5  
  74  6:40  Drone x2  
  74  6:48  Drone  
  74  6:50  Zerg Missile Weapons Level 1, Drone, Zerg Ground Armor Level 1  
  74  6:51  Drone  
  74  6:53  Hydralisk Den  
  73  7:00  Drone x2  
  73  7:01  Drone x2  
  76  7:02  Drone x4  
  76  7:04  Drone x3  
  76  7:05  Drone  
  76  7:06  Drone  
  83  7:22  Drone  
  83  7:24  Zergling x16  
  83  7:25  Grooved Spines  
  83  7:27  Drone  
  83  7:29  Infestation Pit  
  90  7:34  Drone x4  
  90  7:36  Drone x3  
  94  7:40  Baneling x6  
  94  7:45  Baneling x8  
  94  7:57  Overlord x5  
  94  8:03  Baneling  
  94  8:04  Baneling x6  
  93  8:11  Hatchery  
  93  8:12  Zergling x2  
  93  8:15  Zergling x28  
  107  8:20  Hive  
  107  8:23  Lurker Den, Zergling x2  
  107  8:24  Zergling x10  
  112  8:36  Hydralisk  
  112  8:37  Hydralisk x5  
  112  8:41  Drone x2  
  126  8:45  Extractor  
  126  8:46  Extractor  
  123  8:55  Zergling x2  
  123  8:56  Zergling x18  
  133  9:04  Zergling x6  
  103  9:10  Drone, Zergling x22  
  106  9:19  Baneling x10  
  106  9:21  Zergling x14  
  103  9:30  Zergling x8  
  100  9:31  Baneling  
  100  9:32  Baneling x6  
  90  9:46  Zergling x16  
  97  9:53  Extractor  
  97  9:54  Extractor, Zergling x12  
  81  10:16  Zergling x20  
  81  10:20  Hydralisk x3  
  84  10:25  Baneling x8  
  84  10:26  Baneling  
  83  10:31  Hydralisk  
  83  10:35  Viper  
  88  10:43  Zergling x18  
  89  10:53  Zergling x18  
  89  10:56  Lurker x3  
  100  10:59  Lurker  
  100  11:08  Baneling x10  
  100  11:09  Zergling x14  
  92  11:21  Baneling x6  
  92  11:22  Zergling x2  
  92  11:23  Zergling x6  
  87  11:38  Extractor  
  85  11:42  Hydralisk  
  85  11:43  Hydralisk x2  
  91  11:48  Seismic Spines  
  91  11:52  Viper x2  
  91  11:53  Hatchery  
  96  11:59  Drone  
  97  12:02  Drone x2  
  97  12:04  Queen  
  101  12:12  Zerg Missile Weapons Level 2  
  98  12:20  Lurker  
  98  12:21  Lurker x2  
  101  12:28  Hatchery  
  100  12:32  Queen  
  100  12:34  Overlord x2  
  100  12:35  Overlord  
  102  12:40  Hydralisk x2  
  106  12:49  Queen  
  108  12:52  Zerg Ground Armor Level 2  
  108  13:04  Zergling x12  
  99  13:45  Hydralisk x11  
  99  13:47  Drone  
  99  13:48  Drone x3  
  125  13:51  Extractor  
  124  14:00  Drone x5  
  124  14:02  Extractor  
  128  14:06  Drone x3  
  128  14:07  Drone x4  
  135  14:12  Lurker x2  
  135  14:14  Adaptive Talons  
  137  14:27  Baneling x6  
  137  14:28  Lurker x2  
  137  14:29  Lurker x2  
  141  14:31  Overlord x2  
  141  14:35  Extractor  
  140  14:44  Overseer  
  140  14:50  Queen  
  140  14:51  Queen  
  144  14:58  Zerg Missile Weapons Level 3  
  138  15:22  Hydralisk x6  
  138  15:24  Muscular Augments  
  138  15:26  Lurker  
  138  15:27  Lurker  
  145  15:39  Zergling x2  
  145  15:40  Zergling x34  
  136  15:48  Lurker x7  
  141  15:55  Lurker, Zergling x12  
  145  16:17  Drone x3  
  145  16:18  Drone x2  
  142  16:47  Hydralisk x2  
  142  16:48  Hydralisk x2  
  137  17:03  Hydralisk x4  
  145  17:12  Zergling x10  
  145  17:14  Hatchery  
Tags
 
Add a new tag
Caveats
  • Supply blocks, unpowered buildings, or Contaminate may cause inaccurate times.
  • Supply counts are checked every 10 seconds.